[Event "*** Titled Tuesday Blitz"]
[Site "Chess.com"]
[Date "2021.02.09"]
[Round "11"]
[White "YIYUKI"]
[Black "Piccadilly123"]
[Result "1-0"]
[WhiteElo "2166"]
[BlackElo "2164"]
[TimeControl "180+1"]
[EndTime "12:07:41 PST"]
[Termination "YIYUKI won by checkmate"]

1. d4 Nf6 2. c4 e5 3. dxe5 Ng4 4.
Bf4 Nc6 5. Nf3 Bb4+ 6. Nbd2 Qe7 7. a3 Ncxe5 8. Nxe5 Nxe5 9. e3 Bxd2+ 10. Qxd2 O-O 11. Be2 d6 12. O-O a5 13. b3 Bd7 14. h3 Bc6 15. Qd4 b6 16. f3 Rfe8 17.
e4 Qf6 18. Be3 Nd7 19. Qxf6 Nxf6 20. Rfd1 Nd7 21. Kf2 Nc5 22. Rab1 f6 23. g4 Kf7 24.
h4 Nd7 25. Rd2 Ne5 26. Rg1 g6 27. g5 Rf8 28. Bd4 Rae8 29. Rh1 Kg8 30. Kg3 f5 31. f4 Bxe4 32. Rh2 Nc6 33. Bc3 Re7 34. h5 Kf7 35. Bf1 Ke6 36. hxg6 hxg6 37. Rh6 Rg8 38. Rdh2 Rf7 39.
b4 axb4 40. axb4 Kd7 41. Be2 Nd8 42. Rh7 Rxh7 43. Rxh7+ Kc8 44. c5 bxc5 45. bxc5 d5 46. Be5 Ne6 47. Bb5 d4 48. Bd7+ Kb7 49. Bxe6 Rd8 50.
Rxc7+ Ka6 51. Bc4+ Ka5 52. Rb7 d3 53. Bc3+ Ka4 54.
Ra7# 1-0

[Event "*** Titled Tuesday Blitz"]
[Site "Chess.com"]
[Date "2021.02.09"]
[Round "11"]
[White "publicaccountcze"]
[Black "mr65"]
[Result "0-1"]
[WhiteElo "2231"]
[BlackElo "2118"]
[TimeControl "180+1"]
[EndTime "12:07:42 PST"]
[Termination "mr65 won on time"]

1. d4 Nf6 2. c4 g6 3. Nc3 Bg7 4. e4 d6 5. Bd3 O-O 6. Nge2 e5 7. d5 a5 8. O-O Na6 9. Bg5 h6 10. Be3 b6 11. f3 Nc5 12. Bc2 Nh5 13. Qd2 Kh7 14.
Rad1 a4 15. Bxc5 bxc5 16. Bxa4 f5 17. a3 f4 18. Bc2 g5 19. h3 Kh8 20. Nb5 Nf6 21.
Kf2 h5 22. Rh1 Kg8 23. g4 fxg3+ 24. Nxg3 g4 25. h4 Bd7 26. Qg5 Bxb5 27. cxb5 gxf3 28. Nxh5 Nxh5 29. Qxh5 Qe8 30. Qg5 Qd8 31. Qg6 Qe8 32.
Rdg1 Qxg6 33. Rxg6 Kf7 34. h5 Rh8 35. Kxf3 Raf8 36.
Ke3 Bh6+ 37. Kd3 Ke7 38. Bd1 Rf2 39. Be2 c4+ 40. Kxc4 Rxe2 41. b3 Rxe4+ 0-1

[Event "*** Titled Tuesday Blitz"]
[Site "Chess.com"]
[Date "2021.02.09"]
[Round "11"]
[White "PavelShkapenko"]
[Black "TomasKapitanchuk"]
[Result "0-1"]
[WhiteElo "2665"]
[BlackElo "2525"]
[TimeControl "180+1"]
[EndTime "12:07:43 PST"]
[Termination "TomasKapitanchuk won by resignation"]

1. e4 c5 2. c3 Nf6 3. e5 Nd5 4. d4 cxd4 5. cxd4 Nc6 6. Nc3 Nxc3 7. bxc3 d6 8. Nf3 dxe5 9. d5 e4 10. Ng5 Ne5 11. Nxe4 Bd7 12. Qd4 Ng6 13. Bc4 Rc8 14.
O-O Qc7 15. Re1 f5 16. Nd2 Qc5 17. Qxc5 Rxc5 18. Ba3 Rc8 19. Be2 Kf7 20. Bh5 e6 21. Bxf8 Rhxf8 22. dxe6+ Bxe6 23. Nf3 Kf6 24. Nd4 Bd7 25.
Bxg6 hxg6 26. Re3 Rfe8 27. Rae1 Rxc3 28. Rxe8 Bxe8 29. h4 Bc6 30. Re6+ Kf7 31. Re2 Rc4 32. Rd2 a6 33. f3 Bd5 34. Nxf5 gxf5 35. Rxd5 Ke6 36.
Rd2 Rxh4 37. Rc2 Kd6 38. Rd2+ Kc6 39. Re2 Rd4 40. Kf2 Rd7 41. Kg3 g5 42. Re5 Rd5 43.
Re2 b5 44. Rf2 b4 45. f4 Rd3+ 46. Kh2 g4 47. Re2 a5 48. Re5 Rd5 49. Re6+ Kc5 50. Kg3 a4 51. Re2 b3 0-1

[Event "*** Titled Tuesday Blitz"]
[Site "Chess.com"]
[Date "2021.02.09"]
[Round "11"]
[White "Noam_Vitenberg"]
[Black "vladimirdamjanovic"]
[Result "1-0"]
[WhiteElo "2422"]
[BlackElo "2493"]
[TimeControl "180+1"]
[EndTime "12:07:43 PST"]
[Termination "Noam_Vitenberg won on time"]

1. Nf3 Nc6 2. d4 Nf6 3. c4 g6 4. Nc3 Bg7 5. e4 d6 6. Be2 O-O 7. Be3 a5 8. a3 Bg4 9. d5 Nb8 10. O-O Na6 11. Nd2 Bxe2 12. Qxe2 Nd7 13. Rac1 e5 14.
Rb1 f5 15. f3 Nac5 16. b4 axb4 17. axb4 Na4 18. Nxa4 Rxa4 19. c5 Nf6 20. Qb5 Qa8 21. cxd6 cxd6 22. Nc4 Ra6 23. Nb6 Qd8 24. Nc4 fxe4 25. Qxb7 Ra4 26. Qc6 Ra2 27. Bb6 Qb8 28.
Bc7 Qa7+ 29. Bb6 Qa6 30. Nxd6 Qe2 31. Rf2 Qd3 32. Rbf1 Rxf2 33. Rxf2 e3 34. Rf1 e2 35.
Re1 Bh6 36. Qc4 Be3+ 37. Bxe3 Qxe3+ 38. Kh1 Ra8 39. h3 Nh5 40. Ne4 1-0

[Event "*** Titled Tuesday Blitz"]
[Site "Chess.com"]
[Date "2021.02.09"]
[Round "11"]
[White "Fandorine"]
[Black "Azerichess"]
[Result "1-0"]
[WhiteElo "2867"]
[BlackElo "2973"]
[TimeControl "180+1"]
[EndTime "12:07:44 PST"]
[Termination "Fandorine won by resignation"]

1. e4 c5 2. Nf3 d6 3. d4 cxd4 4.
Nxd4 Nf6 5. Nc3 a6 6. a3 Bd7 7. Bc4 Nc6 8. Ba2 g6 9. Be3 Bg7 10. f3 O-O 11. Qd2 b5 12. h4 Ne5 13.
h5 Nxh5 14. Bh6 Bh8 15. g4 Nf6 16. O-O-O Rc8 17. Kb1 e6 18. Nce2 Re8 19. Bg5 d5 20.
Qf4 Nexg4 21. e5 Nxe5 22. Qxe5 Ng4 23. Qxh8+ Kxh8 24. Bxd8 Rcxd8 25. fxg4 e5 26. Nf3 Bxg4 27. Ng5 Kg8 28. Rde1 f6 29. Ne4 Kg7 30. Rxh7+ Kxh7 31. Nxf6+ Kg7 32. Nxe8+ Rxe8 33. Bxd5 e4 34. Nc3 e3 35. Bb7 a5 36. Nxb5 e2 37. Nc3 g5 38. Ba6 Bf3 39.
Bxe2 g4 40. Kc1 Kg6 41. Bd3+ 1-0

[Event "*** Titled Tuesday Blitz"]
[Site "Chess.com"]
[Date "2021.02.09"]
[Round "11"]
[White "FMJoseHerrera"]
[Black "Gabrielian_Artur"]
[Result "0-1"]
[WhiteElo "2600"]
[BlackElo "2823"]
[TimeControl "180+1"]
[EndTime "12:07:44 PST"]
[Termination "Gabrielian_Artur won on time"]

1. Nf3 Nf6 2. g3 g6 3. Bg2 Bg7 4. d3 O-O 5. Nc3 d5 6. h4 d4 7. Nb1 Nc6 8. h5 Nxh5 9. Bg5 Qd6 10. Qc1 e5 11. Bh6 f6 12. Bxg7 Kxg7 13. Nbd2 Qe7 14. a4 a5 15. c3 Be6 16. Ne4 Kg8 17. c4 Nb4 18. Kf1 Rae8 19. Qh6 Qg7 20. Qd2 b6 21. Rh4 Bd7 22. c5 f5 23. Neg5 h6 24. Nh3 bxc5 25. Rc1 e4 26. Ne1 e3 27. Qd1 exf2 28.
Kxf2 Qe5 29. Rxh5 gxh5 30. Nf4 Qe3+ 31. Kf1 h4 32. Nf3 hxg3 33. Nh3 f4 34. Nfg1 f3 35. Bxf3 Nxd3 36. Kg2 Nxc1 37. Qc2 d3 38. Qc4+ Be6 39. Qh4 dxe2 0-1

[Event "*** Titled Tuesday Blitz"]
[Site "Chess.com"]
[Date "2021.02.09"]
[Round "11"]
[White "Aygehovit1992"]
[Black "jens1102"]
[Result "1/2-1/2"]
[WhiteElo "2610"]
[BlackElo "2473"]
[TimeControl "180+1"]
[EndTime "12:07:44 PST"]
[Termination "Game drawn by repetition"]

1. d4 Nf6 2. Nf3 e6 3. Bg5 d5 4. Nbd2 c6 5. e3 Nbd7 6. Bd3 Be7 7. c3 O-O 8. h4 c5 9. h5 h6 10.
Bf4 b6 11. Ne5 Bb7 12. g4 Ne4 13. Nxe4 dxe4 14. Bc4 Nxe5 15. dxe5 Qxd1+ 16. Rxd1 Rfd8 17. Ke2 Rxd1 18. Rxd1 Rd8 19. Rg1 Bg5 20. Bxg5 hxg5 21. a4 Bc6 22. Bb5 Bb7 23. Ra1 a6 24. Bc4 Rd7 25. b3 Rd8 26. Rb1 a5 27. Ke1 Bc6 28.
Rd1 Rxd1+ 29. Kxd1 Bd5 30. Ke2 Kf8 31. Bxd5 exd5 32.
c4 d4 33. f4 exf3+ 34. Kxf3 dxe3 35. Kxe3 Ke7 36. Kd3 Kd7 37. Ke3 Ke7 38. Kf3 Kd7 39. Ke3 Ke7 1/2-1/2

[Event "*** Titled Tuesday Blitz"]
[Site "Chess.com"]
[Date "2021.02.09"]
[Round "11"]
[White "Andrakhanova"]
[Black "MVM2008"]
[Result "1-0"]
[WhiteElo "2251"]
[BlackElo "2116"]
[TimeControl "180+1"]
[EndTime "12:07:44 PST"]
[Termination "Andrakhanova won on time"]

1. c4 Nf6 2. Nc3 e6 3. e4 d5 4.
e5 d4 5. exf6 dxc3 6. bxc3 Qxf6 7. d4 c5 8. Nf3 Nc6 9. Bd3 cxd4 10. cxd4 Nxd4 11. Be3 Nxf3+ 12. gxf3 Bb4+ 13. Ke2 O-O 14.
Rg1 b6 15. Qb1 g6 16. Qxb4 Bb7 17. Be4 Bxe4 18. fxe4 Qe5 19. c5 bxc5 20. Qxc5 Qxe4 21. Qd4 Qc2+ 22. Qd2 Qc4+ 23. Qd3 Qh4 24. Qd4 Qxd4 25.
Bxd4 Rfd8 26. Be5 Rd5 27. f4 Rc8 28. Rgc1 Rdc5 29. Rxc5 Rxc5 30. Rb1 Rc8 31. Rb8 Rxb8 32. Bxb8 a6 33. Kd3 Kg7 34. Kc4 h6 35. Kc5 g5 36.
fxg5 hxg5 37. Kb6 f5 38. Kxa6 Kf6 39. Kb7 f4 40. a4 e5 41. Ba7 e4 42. Bd4+ Kf5 43. a5 e3 44. a6 Ke4 45. a7 Kxd4 46. a8=Q f3 47. Qa2 Kd3 48. Qb3+ Ke2 49. Qc2+ Kf1 50.
Qd1+ Kf2 51. Qd4 Ke2 52. Qg4 Kf2 53. Qg3+ Ke2 54. Qg4 Kf2 55. Kc6 e2 56. Qg3+ Ke3 57. Kd5 g4 58. Kc4 Kd2 59. Qf2 Kd1 60. Kd3 1-0

[Event "*** Titled Tuesday Blitz"]
[Site "Chess.com"]
[Date "2021.02.09"]
[Round "11"]
[White "TimofeevAr"]
[Black "youngKID"]
[Result "1-0"]
[WhiteElo "2888"]
[BlackElo "2846"]
[TimeControl "180+1"]
[EndTime "12:07:45 PST"]
[Termination "TimofeevAr won by resignation"]

1. c4 Nf6 2. Nc3 e5 3. e3 g6 4.
Nf3 Nc6 5. d3 Bg7 6. Be2 O-O 7.
O-O d6 8. Rb1 a5 9. b3 Re8 10. Bb2 h6 11. Nd2 d5 12. cxd5 Nxd5 13.
a3 Be6 14. Rc1 Nxc3 15. Bxc3 Qe7 16. Bb2 Red8 17. Qc2 Bd5 18. Ne4 f5 19. Nc3 Bf7 20. Bf3 Rd7 21. Na4 e4 22. dxe4 Bxb2 23. Nxb2 Ne5 24.
Be2 Rad8 25. Nc4 Nxc4 26. Bxc4 Qxe4 27. Bxf7+ Kxf7 28. Qc3 b6 29. b4 axb4 30. axb4 Qe6 31. h4 g5 32. h5 Qf6 33. Qc4+ Kg7 34. Ra1 Re7 35. Ra7 Rdd7 36. Ra8 Qe6 37. Qc3+ Qe5 38. Qb3 Qe6 39. Qc3+ Qe5 40. Qc6 Qe6 41. Qb7 Kf6 42. Qc8 Qf7 43. Rc1 Qg7 44. Rc6+ Re6 45. Qf8+ Qxf8 46.
Rxf8+ Rf7 47. Rxf7+ Kxf7 48. Rxc7+ Kf6 49. b5 Ke5 50. f3 Kd5 51. Kf2 Rd6 52. Ke2 Ke5 53. Rg7 Kd5 54. g4 fxg4 55. fxg4 Kc5 56. Rg6 Rd5 57.
Rxh6 Kxb5 58. Rg6 1-0

[Event "*** Titled Tuesday Blitz"]
[Site "Chess.com"]
[Date "2021.02.09"]
[Round "11"]
[White "BogdanDeac"]
[Black "12teen"]
[Result "1-0"]
[WhiteElo "2995"]
[BlackElo "2861"]
[TimeControl "180+1"]
[EndTime "12:07:47 PST"]
[Termination "BogdanDeac won on time"]

1. e4 e6 2. Qe2 b6 3. Nf3 Bb7 4. g3 Nf6 5. e5 Nd5 6. Bg2 d6 7. O-O Nd7 8. d4 a5 9. c4 Nb4 10. a3 Na6 11. d5 Nac5 12. Nc3 Be7 13. exd6 cxd6 14. dxe6 Nxe6 15. Ng5 Bxg2 16. Nxe6 Bxf1 17. Nxg7+ Kf8 18. Qh5 Bd3 19. Nf5 Ne5 20. Bh6+ Ke8 21. Nxe7 Qxe7 22. Nd5 Bg6 23. Qe2 Qb7 24. f4 Bd3 25.
Qe3 Bxc4 26. Nf6+ Kd8 27. fxe5 Kc8 28. Rc1 b5 29. b3 d5 30. bxc4 dxc4 31. Qc5+ Kb8 32.
Rb1 b4 33. axb4 a4 34. Nd5 Ra6 35. Bf4 Rc8 36. e6+ Ka8 37. exf7 a3 38. f8=Q 1-0

[Event "*** Titled Tuesday Blitz"]
[Site "Chess.com"]
[Date "2021.02.09"]
[Round "11"]
[White "Marty435"]
[Black "The_filthy"]
[Result "1-0"]
[WhiteElo "2605"]
[BlackElo "2316"]
[TimeControl "180+1"]
[EndTime "12:07:47 PST"]
[Termination "Marty435 won on time"]

1. c4 c6 2. e4 g6 3. d4 d6 4. Nc3 Bg7 5. Be3 Nf6 6. Qd2 Ng4 7. Bg5 h6 8. Bh4 Qb6 9. f3 Ne3 10. Bf2 Nxf1 11. Kxf1 Qb4 12. b3 O-O 13. Nge2 Na6 14. h3 Bd7 15. Kg1 f5 16. exf5 Bxf5 17. Kh2 Rad8 18.
Be3 Kh7 19. Rhe1 e5 20. d5 Nc5 21. Ng3 e4 22. Ncxe4 Qxd2 23. Bxd2 Bxa1 24. Rxa1 Nxe4 25.
fxe4 Bd7 26. Re1 Rf2 27. Re2 Rxe2 28. Nxe2 cxd5 29. exd5 Re8 30. Nc3 g5 31. Kg1 Bf5 32.
Kf2 Bd3 33. Be3 Bg6 34. Bxa7 h5 35. Bb6 Rf8+ 36. Ke3 Re8+ 37. Kf2 Rf8+ 38. Kg1 Re8 39. Bc7 1-0

[Event "*** Titled Tuesday Blitz"]
[Site "Chess.com"]
[Date "2021.02.09"]
[Round "11"]
[White "ajedrez1101"]
[Black "Michaelson_11"]
[Result "0-1"]
[WhiteElo "2100"]
[BlackElo "2278"]
[TimeControl "180+1"]
[EndTime "12:07:47 PST"]
[Termination "Michaelson_11 won on time"]

1. b3 Nf6 2. Bb2 g6 3. Bxf6 exf6 4. c4 d5 5. cxd5 Qxd5 6. Nc3 Qd8 7. g3 Bg7 8. Bg2 O-O 9. Nf3 c6 10. O-O Na6 11. a3 Nc7 12. b4 f5 13. Qc2 Be6 14. Rab1 Qf6 15. Na4 Bd5 16. Nc5 Rfe8 17. e3 b6 18. Nb3 Rad8 19. d4 Be4 20. Qc4 g5 21.
Rbc1 Qg6 22. Nfd2 Bxg2 23. Kxg2 Rd6 24. Qd3 Nd5 25. Nc4 Rde6 26. Nbd2 Qf6 27. Nf3 f4 28.
Nfe5 h6 29. Nd2 Qe7 30. exf4 gxf4 31. Ndf3 Qc7 32. Rc2 Qb7 33. Rfc1 fxg3 34. hxg3 Bxe5 35. Nxe5 c5 36. bxc5 Nf4+ 0-1

[Event "*** Titled Tuesday Blitz"]
[Site "Chess.com"]
[Date "2021.02.09"]
[Round "11"]
[White "EugeneRougon"]
[Black "Skat2704"]
[Result "1/2-1/2"]
[WhiteElo "2708"]
[BlackElo "2551"]
[TimeControl "180+1"]
[EndTime "12:07:49 PST"]
[Termination "Game drawn by repetition"]

1. e4 c5 2. Nf3 Nc6 3. Bb5 e6 4. O-O Nge7 5. d4 cxd4 6. Nxd4 a6 7. Be2 Nxd4 8. Qxd4 Nc6 9. Qc3 Qf6 10. Qxf6 gxf6 11.
Be3 b5 12. Nd2 Bb7 13. a4 b4 14. Nc4 Rg8 15. f3 Be7 16. Rfd1 Ne5 17. Nd6+ Bxd6 18. Rxd6 Bc6 19. a5 Bb5 20. Bxb5 axb5 21. Kf2 Nc4 22. Rd3 Rxa5 23. Rxa5 Nxa5 24. b3 Nc6 25. Rd1 Kd8 26. h4 Kc7 27. h5 d6 28.
Bf4 Ne5 29. Rd4 Rc8 30. Rxb4 Kb6 31. Be3+ Ka6 32. Rd4 Rxc2+ 33. Kg3 Rc6 34. Bh6 Nd7 35. Bg7 Kb7 36. f4 Rc3+ 37. Kh4 Rxb3 38. Rxd6 Kc7 39. Rd1 b4 40. g4 Re3 41. Rd4 b3 42. Rb4 Kc6 43. g5 fxg5+ 44. Kxg5 Kc5 45. Rb7 Kc6 46. Rb4 Kc5 47. Rb7 Kc6 48. Rb4 1/2-1/2

[Event "*** Titled Tuesday Blitz"]
[Site "Chess.com"]
[Date "2021.02.09"]
[Round "11"]
[White "Forantes"]
[Black "Mikhail_Golubev"]
[Result "1-0"]
[WhiteElo "2418"]
[BlackElo "2516"]
[TimeControl "180+1"]
[EndTime "12:07:49 PST"]
[Termination "Forantes won on time"]

1. Nf3 d6 2. d4 Nf6 3. g3 g6 4.
Bg2 Bg7 5. b3 O-O 6. Bb2 Nbd7 7.
O-O c6 8. c4 Re8 9. Nc3 e5 10.
dxe5 dxe5 11. Qc1 Qc7 12. Rd1 Nc5 13. Ng5 e4 14. Qe3 Ncd7 15. Ncxe4 h6 16. Nxf7 Rxe4 17. Nxh6+ Kh7 18. Bxe4 Bxh6 19. Qf3 Bg7 20. Bc2 Ne5 21. Qf4 Nh5 22. Qh4 Bg4 23. Bxe5 Qxe5 24. Qxg4 Rf8 25. Qxg6+ Kg8 26. Qh7+ Kf7 27. Qg6+ Ke7 28. Qg4 Qc7 29. Qxh5 Bf6 30. Qg6 Rf7 31. Qe4+ Kf8 32. Rd3 Re7 33. Qf3 Kg7 34. Rad1 Qe5 35. Qg4+ Bg5 36. Rf3 Rc7 37. Rf5 Qe7 38. Rxg5+ 1-0

[Event "*** Titled Tuesday Blitz"]
[Site "Chess.com"]
[Date "2021.02.09"]
[Round "11"]
[White "Kapibara_Warri0r"]
[Black "A-S-00"]
[Result "0-1"]
[WhiteElo "2182"]
[BlackElo "2285"]
[TimeControl "180+1"]
[EndTime "12:07:49 PST"]
[Termination "A-S-00 won by resignation"]

1. d4 Nf6 2. Nf3 g6 3. c3 Bg7 4. Bf4 d6 5. h3 O-O 6. e3 Nbd7 7.
Bh2 c5 8. Bd3 b6 9. O-O Bb7 10.
Nbd2 Rc8 11. b4 Qc7 12. a4 Qb8 13. a5 cxd4 14. cxd4 Nd5 15. Qa4 Bc6 16. b5 Nc3 17. Qb4 bxa5 18. Qxa5 Bxb5 19. Bxb5 Qxb5 20. Qxa7 Nb6 21.
Qxe7 d5 22. Be5 Rfe8 23. Qh4 Bxe5 24. Nxe5 Nc4 25. Ndxc4 dxc4 26. Ng4 Nd5 27. e4 h5 28. Ne5 Nc3 29. Ra7 Rxe5 30. dxe5 Qxe5 31. f3 Ne2+ 32. Kf2 Qd4+ 33. Kxe2 Qxa7 34. Qf6 c3 35. Rc1 Qa2+ 36. Kf1 Qd2 37. Re1 c2 38. e5 c1=Q 0-1

[Event "*** Titled Tuesday Blitz"]
[Site "Chess.com"]
[Date "2021.02.09"]
[Round "11"]
[White "VFernandezB"]
[Black "Balla_Tamas"]
[Result "0-1"]
[WhiteElo "2335"]
[BlackElo "2479"]
[TimeControl "180+1"]
[EndTime "12:07:51 PST"]
[Termination "Balla_Tamas won by checkmate"]

1. e4 c5 2. Nf3 e6 3. d4 cxd4 4. Nxd4 a6 5. Bd3 Bc5 6. Nb3 Ba7 7. O-O d6 8. Qe2 Nf6 9. Be3 e5 10. Bxa7 Rxa7 11. c4 Be6 12. Nc3 Nbd7 13. Kh1 O-O 14. Rad1 b6 15. Rfe1 Qe7 16. Nd2 Rc7 17. Nf1 Rfc8 18.
Ne3 Nc5 19. Bb1 Nb7 20. Bd3 Nc5 21. Bb1 Nb7 22. Bd3 Na5 23. Ncd5 Bxd5 24. cxd5 b5 25. Nf5 Qd8 26. Qd2 Nb7 27. Qg5 Ne8 28. Qg3 Qf6 29.
h4 g6 30. Rf1 Kh8 31. Ne3 Ng7 32. Qg5 Qxg5 33. hxg5 Nc5 34. Bb1 f5 35. gxf6 Nh5 36.
Ng4 Nd7 37. Bd3 Ndxf6 38. Nxf6 Nxf6 39. a4 bxa4 40. Ra1 Rb8 41. Rxa4 Rxb2 42. Rxa6 Rd7 43. f4 Nh5 44. Rf3 Nxf4 45. g3 Nh5 46. Ra8+ Kg7 47. Bf1 Rb4 48. Bh3 Rc7 49. Be6 Rxe4 50. Rg8+ Kh6 51. g4 Nf4 52. Kh2 Rc2+ 53. Kg3 Rg2+ 54. Kh4 Rh2+ 55. Kg3 Ree2 56. g5+ Kxg5 57. Rc3 h5 58. Kf3 e4+ 59. Kg3 Rhg2# 0-1

[Event "*** Titled Tuesday Blitz"]
[Site "Chess.com"]
[Date "2021.02.09"]
[Round "11"]
[White "DarZay"]
[Black "ChessFighter1975"]
[Result "1-0"]
[WhiteElo "2160"]
[BlackElo "2375"]
[TimeControl "180+1"]
[EndTime "12:07:51 PST"]
[Termination "DarZay won on time"]

1. e4 d6 2. d4 Nf6 3. Nc3 Nbd7 4. f4 e5 5. d5 c6 6. Nf3 cxd5 7. exd5 Qb6 8. Bb5 a6 9. fxe5 dxe5 10. Bxd7+ Nxd7 11. Qe2 Bd6 12. Ne4 O-O 13. Be3 Qxb2 14. O-O Qa3 15.
Nfg5 f5 16. Ne6 fxe4 17. Nxf8 Nxf8 18. Qf2 Bg4 19. Rab1 b5 20. Rb3 Qxa2 21. Qf7+ Kh8 22. Bb6 Qxc2 23. Rg3 Qe2 24. h3 Rb8 25. Rxg4 Ng6 26.
Bc7 Bxc7 27. Qxc7 Rg8 28. Qd6 Qe3+ 29. Kh2 Qh6 30. Rf5 Nf4 31. Qxh6 gxh6 32. Rxg8+ Kxg8 33. Rxe5 e3 34. d6 e2 35. d7 Kf7 36. d8=Q e1=Q 37. Rxe1 1-0

[Event "*** Titled Tuesday Blitz"]
[Site "Chess.com"]
[Date "2021.02.09"]
[Round "11"]
[White "Anna_ChessMate"]
[Black "SaraciNderim"]
[Result "0-1"]
[WhiteElo "2570"]
[BlackElo "2777"]
[TimeControl "180+1"]
[EndTime "12:07:52 PST"]
[Termination "SaraciNderim won by resignation"]

1. d4 d5 2. c4 c6 3. Nc3 Nf6 4. Nf3 dxc4 5. a4 Bf5 6. Ne5 e6 7. f3 Bb4 8. e4 Nxe4 9. fxe4 Qh4+ 10. Kd2 Qf2+ 11. Qe2 Qxd4+ 12. Kc2 Qxe5 13. exf5 Qxf5+ 14. Qe4 Qf2+ 15. Kb1 Nd7 16. Be3 Qf6 17. Qxc4 a5 18. Bd4 e5 19. Be3 O-O 20. Ne4 Qe7 21.
Bg5 Qe8 22. Bd3 Kh8 23. Ng3 f5 24. Bxf5 Rxf5 25. Nxf5 Qg6 26. Qg4 Nf6 27. Bxf6 Qxg4 28. Bxg7+ Qxg7 29. Nxg7 Kxg7 30. Kc2 e4 31. Rad1 Re8 32. Rd7+ Kg6 33. Kd1 e3 34. Ke2 b6 35.
Rf1 Bc5 36. g4 Re4 37. h3 Rb4 38. Rf5 Rxb2+ 39. Ke1 Bb4+ 0-1

[Event "*** Titled Tuesday Blitz"]
[Site "Chess.com"]
[Date "2021.02.09"]
[Round "11"]
[White "Grineva_Marianna"]
[Black "ErikRonka"]
[Result "1-0"]
[WhiteElo "2250"]
[BlackElo "2438"]
[TimeControl "180+1"]
[EndTime "12:07:52 PST"]
[Termination "Grineva_Marianna won on time"]

1. e4 c6 2. d4 d5 3. e5 c5 4.
dxc5 e6 5. a3 Nc6 6. Nf3 Bxc5 7.
b4 Bb6 8. Bd3 Nge7 9. O-O Ng6 10. Re1 f6 11. exf6 Qxf6 12. c3 O-O 13. Bg5 Qf7 14.
Be3 Bc7 15. Nbd2 e5 16. Ng5 Qf6 17. Qh5 h6 18. Bxg6 d4 19. Nde4 Qe7 20. cxd4 exd4 21. Bd2 Ne5 22. Bh7+ Kh8 23. Ng3 Bg4 24. Qh4 Qf6 25.
N3e4 Qb6 26. Nc5 Bd6 27. Be4 Rf6 28. Nh3 Bxh3 29. Qxh3 Raf8 30. Rf1 Nc4 31. Bc1 Bxc5 32. bxc5 Qxc5 33. Rb1 d3 34. Qg3 Ne5 35. Be3 Qd6 36. Bxb7 d2 37. Bxd2 Qxd2 38. Qxe5 Rxf2 39. Bf3 Rxf1+ 40.
Rxf1 Qa2 41. Qd6 Re8 42. Qd7 1-0

[Event "*** Titled Tuesday Blitz"]
[Site "Chess.com"]
[Date "2021.02.09"]
[Round "11"]
[White "StockholmMissile"]
[Black "HrvojeZagreb"]
[Result "1-0"]
[WhiteElo "2517"]
[BlackElo "2256"]
[TimeControl "180+1"]
[EndTime "12:07:53 PST"]
[Termination "StockholmMissile won on time"]

1. Nf3 f5 2. d4 Nf6 3. Bg5 e6 4.
Nbd2 d5 5. e3 Bd6 6. c4 c6 7.
Bf4 O-O 8. Bd3 Ne4 9. O-O Be7 10. h3 Nd7 11. Ne5 Nxe5 12. Bxe5 Nxd2 13. Qxd2 Bf6 14.
f4 Bxe5 15. fxe5 Bd7 16. c5 b6 17. b4 a5 18. a3 axb4 19. axb4 Qc7 20. Qc3 b5 21.
Rxa8 Rxa8 22. Ra1 Qb8 23. Ra3 Bc8 24. Qa1 Bb7 25. Bc2 Rxa3 26. Qxa3 Qa8 27. Qb2 h6 28. Bd1 Bc8 29. Kf1 Bd7 30. Ke1 Be8 31. Kd2 g5 32.
Kc1 Bg6 33. Bc2 Kg7 34. Kb1 f4 35. exf4 gxf4 36. Bxg6 Kxg6 37. Qc2+ Kg7 38. Kb2 Qf8 39. Qd3 Qf7 40. Qf3 Qf5 41. Kc3 Kg6 42. Kd2 Qg5 43. Ke2 Qf5 44. Qg4+ Qxg4+ 45. hxg4 1-0

[Event "*** Titled Tuesday Blitz"]
[Site "Chess.com"]
[Date "2021.02.09"]
[Round "11"]
[White "Arseniy_Nesterov"]
[Black "Sam_ChessMood"]
[Result "0-1"]
[WhiteElo "2820"]
[BlackElo "2876"]
[TimeControl "180+1"]
[EndTime "12:07:54 PST"]
[Termination "Sam_ChessMood won by checkmate"]

1. d4 Nf6 2. c4 e6 3. Nf3 d5 4. Nc3 Be7 5. Bg5 h6 6. Bh4 dxc4 7. e3 O-O 8. Bxc4 c5 9. O-O cxd4 10. Nxd4 Bd7 11.
Be2 Nc6 12. Bf3 Ne5 13. Bxb7 Rb8 14. Ba6 Rxb2 15. Bg3 Rb6 16. Be2 Bd6 17. a4 Bb8 18. a5 Rb4 19. a6 Nc6 20. Nxc6 Bxc6 21. Qxd8 Rxd8 22. Rab1 Rxb1 23. Rxb1 Bxg3 24. hxg3 h5 25. Rb4 g6 26. Rc4 Rd6 27. Rc5 Nd7 28. Ra5 Nb6 29. Bf3 Be8 30. Rc5 Kg7 31. Rc7 Rd7 32. Rb7 Nc4 33.
Nb5 Rd2 34. Nxa7 Ne5 35. Nc8 Bc6 36. Bxc6 Rd1+ 37. Kh2 Ng4+ 38. Kh3 Rh1# 0-1

[Event "*** Titled Tuesday Blitz"]
[Site "Chess.com"]
[Date "2021.02.09"]
[Round "11"]
[White "vinniethepooh"]
[Black "AndrewMaco"]
[Result "0-1"]
[WhiteElo "2738"]
[BlackElo "2691"]
[TimeControl "180+1"]
[EndTime "12:07:54 PST"]
[Termination "AndrewMaco won by resignation"]

1. d4 Nf6 2. c4 e6 3. Nc3 Bb4 4. f3 c5 5. d5 d6 6. e4 b5 7. Bd3 O-O 8. Ne2 exd5 9. cxd5 a6 10. O-O Nbd7 11. Bg5 h6 12. Bh4 Ne5 13. Bc2 Ng6 14.
Bf2 Nh5 15. Qc1 Ba5 16. a3 Bb6 17. Nd1 Qf6 18. Be3 Ne5 19. Nf2 Nc4 20. Ng4 Qxb2 21. Qxb2 Nxb2 22. Bb3 Bxg4 23. fxg4 Nf6 24. Rxf6 gxf6 25.
Nf4 Rab8 26. Nh5 c4 27. Bxb6 Rxb6 28. Nxf6+ Kg7 29. Nh5+ Kh8 30. Bc2 a5 31. Rb1 c3 32.
Kf2 b4 33. axb4 axb4 34. Bb3 Ra8 35. Ke3 Ra3 36. Rf1 Rb7 37. Bc2 b3 38. Rf6 bxc2 39. Rxh6+ Kg8 40. Nf6+ Kf8 41. g5 c1=Q+ 42. Kf3 Qxg5 43.
Nh7+ Kg7 44. Nxg5 Kxh6 0-1

[Event "*** Titled Tuesday Blitz"]
[Site "Chess.com"]
[Date "2021.02.09"]
[Round "11"]
[White "guillembaches"]
[Black "markowskitomasz"]
[Result "0-1"]
[WhiteElo "2425"]
[BlackElo "2590"]
[TimeControl "180+1"]
[EndTime "12:07:54 PST"]
[Termination "markowskitomasz won on time"]

1. e4 c5 2. Nf3 Nc6 3. d4 cxd4 4. Nxd4 e5 5. Nb5 d6 6. c4 Be6 7. N1c3 a6 8. Na3 Nf6 9. Be2 Rc8 10. O-O Na5 11. b3 b5 12. Nd5 Nxe4 13. Bf3 Bxd5 14. Qxd5 Nf6 15. Qd2 bxc4 16. Nxc4 Nxc4 17. bxc4 Rxc4 18. Qe2 Qc8 19. Bb7 Qc7 20. Bxa6 Rc2 21. Bb5+ Nd7 22. Qg4 Rc5 23. a4 g6 24. Be3 f5 25. Qb4 Rc2 26. a5 d5 27. Bxd7+ Kxd7 28. Qa4+ Qc6 29. a6 Bd6 30. Rfb1 d4 31. Rb7+ Ke6 32. Qb3+ Qc4 33. Qxc4+ Rxc4 34. Bh6 Ra8 35.
a7 Rc7 36. Rxc7 Bxc7 37. Ra6+ Kd5 38. Bg7 e4 39. Kf1 d3 40. Ke1 Kc5 41. Kd1 Kb5 42. Ra2 Bb6 43. Rb2+ Kc6 44. h4 Rxa7 0-1

[Event "*** Titled Tuesday Blitz"]
[Site "Chess.com"]
[Date "2021.02.09"]
[Round "11"]
[White "DrVelja"]
[Black "Anurag328"]
[Result "1-0"]
[WhiteElo "2833"]
[BlackElo "2649"]
[TimeControl "180+1"]
[EndTime "12:07:55 PST"]
[Termination "DrVelja won by resignation"]

1. e4 g6 2. h4 d5 3. exd5 Qxd5 4. Nc3 Qe6+ 5. Nge2 Nf6 6. d4 Bg7 7. Bf4 c6 8. Qd2 Nbd7 9. O-O-O Nb6 10. Kb1 Nc4 11. Qd3 Nd6 12. Ng3 Nd5 13. Nxd5 Qxd5 14. c4 Qa5 15. h5 Bf5 16. Nxf5 Qxf5 17. Be3 O-O-O 18. Kc1 Qxd3 19. Bxd3 Nf5 20. Bxf5+ gxf5 21. d5 cxd5 22. cxd5 b6 23. Rd3 e6 24. Rhd1 Rd7 25. dxe6 Rxd3 26.
Rxd3 fxe6 27. Kc2 Re8 28. b4 Re7 29. a4 Rd7 30. b5 Rxd3 31. Kxd3 Kd7 32. f3 Kd6 33.
Kc4 e5 34. a5 bxa5 35. Bxa7 e4 36. Bc5+ Kd7 37. fxe4 fxe4 38. Kd5 a4 39. Kxe4 Bb2 40. Kd3 Ke6 41. b6 Kd7 42. g4 Bf6 43. Kc4 Kc6 44. Be3 Bd8 45. g5 Be7 46. g6 hxg6 47. hxg6 Bf6 48. Bd4 Bxd4 49. Kxd4 a3 50. Kc3 1-0